 Dungeon Crawl Stone Soup version 0.26-a0-597-gb535b0901c (webtiles) character file.

Game seed: 3008590805048397831

2991 vurker the Frost Mage (level 9, 0/61 HPs)
             Began as an Octopode Ice Elementalist on Sept 10, 2020.
             Was a Follower of Vehumet.
             Slain by a two-headed ogre
             ... wielding a +0 giant spiked club
              (11 damage)
             ... on level 8 of the Dungeon.
             The game lasted 00:13:32 (8841 turns).

vurker the Frost Mage (Octopode Ice Elementalist)   Turns: 8841, Time: 00:13:33

Health: 0/61       AC:  1    Str:  7    XL:     9   Next: 83%
Magic:  13/20      EV: 13    Int: 20    God:    Vehumet [*.....]
Gold:   403        SH:  5    Dex: 13    Spells: 10/23 levels left

rFire    . . .     SeeInvis +   k - +4 dagger
rCold    + . .     Faith    .   (no shield)
rNeg     . . .     Spirit   .   (helmet restricted)
rPois    .         Reflect  +   e - amulet of reflection
rElec    +         Harm     .   n - ring "Haalap" {rElec rC+}
rCorr    .                      v - ring of see invisible
MR       .....                  y - ring of stealth
Stlth    ++++......             (no ring)
HPRegen  0.20/turn              (no ring)
MPRegen  0.17/turn              (no ring)
                                (no ring)
                                (no ring)

@: frozen ramparts, very slightly contaminated
A: almost no armour, stealthy swim, amphibious, 8 rings, constrict 8, camouflage
1, gelatinous body 1
a: Renounce Religion


You were on level 8 of the Dungeon.
You worshipped Vehumet.
Vehumet was aware of your devotion.
You visited 2 branches of the dungeon, and saw 9 of its levels.

You collected 403 gold pieces.

Inventory:

Hand Weapons
 k - a +4 dagger (weapon)
   (You took it off a kobold on level 2 of the Dungeon)
Jewellery
 e - an amulet of reflection (around mantle)
   (You found it on level 1 of the Dungeon)
 n - the ring "Haalap" (left tentacle) {rElec rC+}
   (You found it on level 5 of the Dungeon)

   [ring of protection from cold]

   It protects you from cold.
   It insulates you from electricity.
 v - a ring of see invisible (right tentacle)
   (You found it on level 7 of the Dungeon)
 y - a ring of stealth (on tentacle)
   (You found it on level 8 of the Dungeon)
Scrolls
 a - 7 scrolls of remove curse
 d - 4 scrolls of teleportation
 i - a scroll of blinking
 j - 2 scrolls of magic mapping
 p - a scroll of immolation
 t - a scroll of enchant armour
 x - a scroll of amnesia
Potions
 b - 2 potions of stabbing {unknown}
 c - a potion of heal wounds {unknown}
 f - 2 potions of magic
 g - 2 potions of curing
 h - 2 potions of invisibility
 l - a potion of cancellation {unknown}
 m - 2 potions of lignification {unknown}
 o - 2 potions of mutation {unknown}
 q - a potion of resistance
 r - a potion of haste {unknown}
 s - 2 potions of flight
 u - a potion of ambrosia {unknown}
 w - a potion of brilliance {unknown}


   Skills:
 + Level 5.4 Fighting
 - Level 2.0 Dodging
 - Level 2.6 Stealth
 * Level 7.5 Spellcasting
 - Level 3.0 Conjurations
 - Level 3.0 Summonings
 * Level 8.9 Ice Magic


You had 10 spell levels left.
You knew the following spells:

 Your Spells              Type           Power        Failure   Level
a - Freeze                Ice            ####         1%          1
b - Frozen Ramparts       Ice            #####.       1%          3
c - Hailstorm             Conj/Ice       ####....     8%          4
d - Summon Ice Beast      Ice/Summ       ####....     8%          4
p - Apportation           Tloc           #.....       9%          1

Your spell library contained the following spells:

 Spells                   Type           Power        Failure   Level
 Foxfire                  Conj/Fire      ##..         4%          1
 Ozocubu's Armour         Ice            #####...     1%          3
 Summon Small Mammal      Summ           ###.         2%          1
 Animate Skeleton         Necr           #.....       9%          1
 Corona                   Hex            #......      9%          1


Dungeon Overview and Level Annotations

Branches:
Dungeon (8/15)             Temple (1/1) D:6
   Lair: D:8-11

Altars:
Ashenzari
Cheibriados
Dithmenos
Elyvilon
Fedhas
Gozag
Hepliaklqana
Kikubaaqudgha
Makhleb
Nemelex Xobeh
Okawaru
Qazlal
Ru
Sif Muna
Trog
Uskayaw
Vehumet
Wu Jian
Xom
Yredelemnul
Zin
The Shining One

Shops:
D:4 =:

Annotations:
D:4 2 transporters, viperstalker's ghost, novice PaFi


Innate Abilities, Weirdness & Mutations

You cannot wear most types of armour.
You are very stealthy in the water. (Stealth+)
You are amphibious.
You can wear up to eight rings at the same time.
You can use your tentacles to constrict eight enemies at once.
Your skin changes colour to match your surroundings (Stealth+).
Your rubbery body absorbs attacks. (AC +1, EV +1)


Message History

You freeze the orc. You constrict the orc. You block the orc's attack.
Aim: an orc, wielding a +0 club and wearing a +0 leather armour (almost dead, constricted by you)
You freeze the orc.
You kill the orc!
Vehumet accepts your kill.
You can't see any susceptible monsters within range! (Use Z to cast anyway.)
Things that are here:
a +0 club; a +0 leather armour; an orc corpse You now have 403 gold pieces (gained 16).
An orc comes into view. It is wielding a +0 hand axe.
An orc is nearby!
An orc is nearby!
An orc comes into view.
An orc priest comes into view. It is wielding a +2 vampiric hand axe.
The orc priest moves out of view.
A two-headed ogre comes into view.
It is wielding two +0 giant spiked clubs.
The orc shouts!
The two-headed ogre shouts in stereo!
The orc shouts!
You hear a shout!
You miscast Hailstorm.
You are very lightly contaminated with residual magic.
Nothing appears to happen.
The orc priest shouts!
The walls around you are covered in ice.
An orc wizard comes into view. It is wielding a +0 dagger.
The wall freezes the two-headed ogre.
The wall freezes the orc!
You kill the orc!
Vehumet accepts your kill.
You feel your power returning.
The wall freezes the orc.
The wall freezes the two-headed ogre.
The wall freezes the orc!
You kill the orc!
Vehumet accepts your kill.
The wall freezes the orc priest!
The wall freezes the two-headed ogre.
The wall freezes the orc priest.
The wall freezes the two-headed ogre.
The wall freezes the orc priest!
You kill the orc priest!
Vehumet accepts your kill.
The wall freezes the two-headed ogre.
Aim: a two-headed ogre, wielding two +0 giant spiked clubs (moderately wounded)
You freeze the two-headed ogre.
The orc wizard casts a spell.
The orc wizard blinks!
The wall freezes the two-headed ogre!
The two-headed ogre hits you with a +0 giant spiked club!!
The two-headed ogre hits you with a +0 giant spiked club.
Aim: a two-headed ogre, wielding two +0 giant spiked clubs (heavily wounded)
You freeze the two-headed ogre.
The wall freezes the two-headed ogre!
The two-headed ogre hits you with a +0 giant spiked club!!
* * * LOW HITPOINT WARNING * * *
The two-headed ogre hits you with a +0 giant spiked club!
You die...

#.....# #.....# #######
#.....# #...... #.....#
#...... #.....# #......
#.....#
#....§.########.....#########
......).)..O@......).)..†....
#......########.....#########
#...... #.....# #......
#.....# #...... #.....#
#...... ####### #......
##.#### ..


You could see a two-headed ogre.

Vanquished Creatures
  An unseen horror (D:8)
  Eustachio (D:5)
  2 sky beasts
  An ice beast (D:6)
  An orc warrior (D:7)
  A black bear (D:8)
  2 ogres (D:7)
  2 centaurs
  2 bullfrogs
  A scorpion (D:8)
  2 wights
  A nameless horror (D:6)
  3 howler monkeys
  4 hounds
  A jelly (D:7)
  A centaur skeleton (D:6)
  A bullfrog skeleton (D:5)
  4 orc priests
  8 orc wizards
  Ijyb (D:5)
  5 worker ants
  11 gnolls
  7 adders
  3 shadow imps
  A white imp (D:6)
  An ufetubus (D:6)
  An ooze (D:2)
  5 adder skeletons
  5 worms
  4 dart slugs
  6 leopard geckos
  23 orcs
  8 bats
  3 giant cockroaches
  9 hobgoblins
  9 jackals
  5 kobolds
  6 quokkas
  2 ball pythons
  3 frilled lizards
  6 goblins
  A jackal skeleton (D:4)
  4 rats
168 creatures vanquished.

Vanquished Creatures (collateral kills)
  An ice beast (D:7)
  A necrophage (D:6)
  A nameless horror (D:6)
  A wight (D:6)
4 creatures vanquished.

Grand Total: 172 creatures vanquished

Notes
Turn   | Place    | Note
-------+----------+-------------------------------------------
     0 | D:1      | vurker the Octopode Ice Elementalist began the quest for
                  | the Orb.
     0 | D:1      | Reached XP level 1. HP: 11/11 MP: 3/3
   144 | D:1      | Reached XP level 2. HP: 17/18 MP: 3/5
   737 | D:1      | Reached XP level 3. HP: 22/22 MP: 6/6
   742 | D:1      | Learned a level 3 spell: Frozen Ramparts
   873 | D:2      | Reached skill level 1 in Fighting
  1014 | D:2      | Found a hazy altar of Hepliaklqana.
  1442 | D:2      | Reached XP level 4. HP: 28/28 MP: 8/8
  1473 | D:2      | Learned a level 4 spell: Hailstorm
  1953 | D:3      | You fall into a shaft and drop 2 floors!
  1953 | D:5      | Entered Level 5 of the Dungeon
  1981 | D:5      | Reached skill level 1 in Conjurations
  1983 | D:5      | Reached XP level 5. HP: 23/33 MP: 5/9
  1984 | D:5      | Noticed Ijyb
  1994 | D:5      | Killed Ijyb
  1994 | D:5      | Reached skill level 5 in Ice Magic
  2005 | D:5      | Noticed Eustachio
  2031 | D:5      | Killed Eustachio
  2031 | D:5      | Reached XP level 6. HP: 6/39 MP: 1/11
  2288 | D:5      | Learned a level 4 spell: Summon Ice Beast
  2307 | D:5      | Found a burning altar of Makhleb.
  2541 | D:4      | Found Miequp's Jewellery Emporium.
  2554 | D:4      | Found a transporter.
  2588 | D:4      | Found a transporter.
  2588 | D:4      | Noticed viperstalker's ghost (novice PaFi)
  2945 | D:4      | Found Reweufug's Book Boutique.
  2971 | D:4      | Reached skill level 1 in Summonings
  3217 | D:4      | Found a blossoming altar of Fedhas.
  3246 | D:4      | Reached XP level 7. HP: 45/45 MP: 9/13
  3249 | D:4      | Learned a level 1 spell: Apportation
  3461 | D:4      | Found Feecw's General Store.
  4187 | D:5      | Got a glittering granite ring
  4188 | D:5      | Identified the ring "Haalap" {rElec rC+} (You found it on
                  | level 5 of the Dungeon)
  4299 | D:5      | Reached skill level 6 in Ice Magic
  4682 | D:5      | Reached XP level 8. HP: 48/52 MP: 10/15
  4988 | D:6      | Reached skill level 5 in Spellcasting
  5473 | D:6      | Reached skill level 7 in Ice Magic
  6967 | D:6      | Found a staircase to the Ecumenical Temple.
  7012 | Temple   | Entered the Ecumenical Temple
  7029 | Temple   | Became a worshipper of Vehumet
  7347 | D:7      | Found a shadowy altar of Dithmenos.
  7347 | D:7      | Found an iron altar of Okawaru.
  7349 | D:7      | Found a sparkling altar of Nemelex Xobeh.
  7349 | D:7      | Found a basalt altar of Yredelemnul.
  7421 | D:7      | Reached XP level 9. HP: 58/58 MP: 12/18
  7762 | D:7      | Found an ornate altar of the Wu Jian Council.
  7805 | D:7      | Reached skill level 8 in Ice Magic
  8427 | D:8      | Noticed an unseen horror
  8432 | D:8      | Killed an unseen horror
  8432 | D:8      | Reached skill level 5 in Fighting
  8437 | D:8      | Reached * piety under Vehumet
  8437 | D:8      | Offered knowledge of Foxfire by Vehumet.
  8832 | D:8      | Noticed a two-headed ogre
  8841 | D:8      | Slain by a two-headed ogre

Illustrated notes

Levels and vault maps discovered:
D:1:      psy_arrival_statuary, layout_rooms, minmay_tetromino_l2
D:2:      layout_rooms, lemuel_doored_altar, chequers_serial_rivers_large_a,
          minmay_tripent
D:3:      layout_basic, st_stairs_8
D:4:      minmay_diamond_boxcup, layout_cave_pools, lemuel_round_altar,
          serial_shops, shop_fountains, shop, nicolae_shop_stone,
          gammafunk_ghost_mausoleum, st_stairs_4, hangedman_decor_growths
D:5:      layout_loops_ring, old_standard_altar, nicolae_ossuary_entry_ruins,
          uniq_eustachio, uniq_ijyb
D:6:      layout_basic, temple_hall
D:7:      layout_loops_cross, chequers_temple_overflow_statue_of_worship,
          basic_altar
D:8:      layout_basic
Temple:   minmay_freezing_vapour_temple

Skill      XL: |  1  2  3  4  5  6  7  8  9 |
---------------+----------------------------+-----
Fighting       | 1 2 3 4 5 |  5.4
Spellcasting   | 3 4 6 7 |  7.5
Conjurations   | 1 2 3 |  3.0
Ice Magic      | 5 6 7 8 |  8.9
Summonings     | 1 2 3 |  3.0
Dodging        | |  2.0
Stealth        | |  2.6

Action                   |  1- 3 |  4- 6 |  7- 9 || total
-------------------------+-------+-------+-------++-------
Melee: Unarmed           |     3 |       |       ||     3
       Constrict         |    14 |    16 |    28 ||    58
       Dagger            |    51 |    71 |   120 ||   242
       Tentacles         |     7 |     8 |    22 ||    37
 Cast: Freeze            |    15 |     5 |    37 ||    57
       Frozen Ramparts   |     1 |     8 |    30 ||    39
       Hailstorm         |       |     1 |    21 ||    22
       Summon Ice Beast  |       |       |    10 ||    10
  Use: Scroll            |       |       |    15 ||    15
       Potion            |       |       |     1 ||     1
 Stab: Sleeping          |     8 |     5 |     5 ||    18
Armor: Skin              |     8 |    13 |     7 ||    28
Dodge: Dodged            |    40 |    50 |    78 ||   168
Block: Other             |     4 |    19 |    47 ||    70
       Reflection        |       |       |     2 ||     2

Table legend: (Time is in decaauts)
 A = Elapsed time spent in this place.
 B = Non-inter-level travel time spent in this place.
 C = Inter-level travel time spent in this place.
 D = Time resting spent in this place.
 E = Time spent auto-exploring this place.
 F = Levels seen in this place.
 G = Mean time per level.
                   A        B        C        D        E       F      G
               +--------+--------+--------+--------+--------+-----+--------+
         Total |   8843 |   8454 |    389 |    196 |   6910 |   9 |  982.6 |
       Dungeon |   8820 |   8435 |    385 |    196 |   6900 |   8 | 1102.5 |
        Temple |     22 |     18 |      4 |      0 |     10 |   1 |   22.0 |
               +--------+--------+--------+--------+--------+-----+--------+

Top non-repeatable levels by time:
     D:6: 2025 daAuts
     D:5: 1599 daAuts
     D:4: 1499 daAuts
     D:7: 1021 daAuts
     D:1: 852 daAuts
     D:2: 809 daAuts
     D:3: 523 daAuts
     D:8: 490 daAuts
  Temple: 22 daAuts
